 Dungeon Crawl Stone Soup version 0.22-a0-775-ga7d80019b5 (webtiles) character file.

5420 PikkenKukken the Fighter (level 10, -4/88 HPs)
             Began as a White Draconian Fighter on July 18, 2018.
             Was a Follower of Makhleb.
             Slain by a blink frog (7 damage)
             ... on level 1 of the Lair of Beasts.
             The game lasted 00:19:16 (9020 turns).

PikkenKukken the Fighter (White Draconian Fighter)  Turns: 9020, Time: 00:19:17

Health: -4/88      AC: 11    Str: 20    XL:     10   Next: 40%
Magic:  14/14      EV: 16    Int:  5    God:    Makhleb [*.....]
Gold:   412        SH: 12    Dex: 20    Spells: 9/9 levels left

rFire    + + +     SeeInvis .   B - +9 falchion of the Desert {flame, *Rage rF+++ Int-4 Dex+8}
rCold    + . .     Gourm    +   b - +1 shield
rNeg     . . .     Faith    .   (armour unavailable)
rPois    .         Spirit   .   (helmet restricted)
rElec    .         Reflect  .   i - +2 cloak
rCorr    .         Harm     .   (no gloves)
MR       .....     Rnd*Rage +   w - +0 pair of boots
Stlth    ++........             n - amulet of the gourmand
HPRegen  0.24/turn              (no ring)
MPRegen  0.14/turn              (no ring)

@: lethally poisoned (-4 -> -5), very slightly contaminated, hasted, very quick
A: breathe frost, unfitting armour, cold resistance 1, cold-blooded, AC +7
a: Breathe Frost, Renounce Religion


You were on level 1 of the Lair of Beasts.
You worshipped Makhleb.
Makhleb was aware of your devotion.
You were completely stuffed.

You visited 3 branches of the dungeon, and saw 10 of its levels.

You collected 412 gold pieces.

Inventory:

Hand Weapons
 a - a +0 rapier
 m - a +0 short sword of speed
 r - a +1 short sword of draining
 B - the +9 falchion of the Desert (weapon) {flame, *Rage rF+++ Int-4 Dex+8}
   (You found it on level 1 of the Lair of Beasts)

   It has been specially enchanted to burn those struck by it, causing extra
   injury to most foes and up to half again as much damage against particularly
   susceptible opponents.
   Big, fiery blades are also staple armaments of hydra-hunters.
   It affects your intelligence (-4).
   It affects your dexterity (+8).
   It renders you almost immune to fire.
   It may make you go berserk in combat.
Missiles
 j - 32 bolts
Armour
 b - a +1 shield (worn)
 i - a +2 cloak (worn)
 w - a +0 pair of boots (worn)
Jewellery
 k - an uncursed amulet of harm
 n - an amulet of the gourmand (around neck)
 y - a +1 ring of protection {unknown}
Wands
 x - a wand of clouds (7)
 C - a wand of paralysis (13)
Scrolls
 c - a scroll of magic mapping
 e - a scroll of enchant armour
 f - a scroll of blinking
 g - a scroll of fog
 h - 3 scrolls of remove curse
 p - 6 scrolls of teleportation
 v - 7 scrolls of identify
Potions
 l - 3 potions of curing
 q - a potion of heal wounds
 s - 2 potions of ambrosia
 t - a potion of brilliance
 u - 4 potions of flight
 z - 2 potions of magic
Comestibles
 d - 13 rations
 A - a chunk of flesh


   Skills:
 + Level 8.0 Fighting
 + Level 7.0 Short Blades
 + Level 6.8 Dodging
 + Level 7.4 Shields
 + Level 6.2 Invocations
 + Level 5.0 Evocations


You had 9 spell levels left.
You didn't know any spells.
Your spell library contained the following spells:

 Spells                   Type           Power        Failure   Level  Hunger
 Magic Dart               Conj           #...         80%         1    ##.....
 Confuse                  Hex            #.......     99%         3    ####...
 Throw Frost              Conj/Ice       #.....       91%         2    ###....
 Iskenderun's Mystic Bla  Conj           #.......     100%        4    #####..
 Freeze                   Ice            #...         80%         1    ##.....
 Summon Ice Beast         Ice/Summ       #.......     100%        4    #####..
 Ozocubu's Armour         Chrm/Ice       #.......     99%         3    ####...
 Tukima's Dance           Hex            #.......     99%         3    ####...
 Throw Icicle             Conj/Ice       #.......     100%        4    #####..
 Ensorcelled Hibernation  Hex/Ice        #.....       91%         2    ###....
 Corona                   Hex            #......      80%         1    ##.....
 Fulminant Prism          Conj/Hex       #.........   100%        4    #####..
 Dazzling Spray           Conj/Hex       #.....       99%         3    ####...
 Force Lance              Conj/Tloc      #.......     100%        4    #####..
 Searing Ray              Conj           #.....       91%         2    ###....


Dungeon Overview and Level Annotations

Branches:
Dungeon (8/15)             Temple (1/1) D:4            Lair (1/6) D:8

Altars:
Dithmenos
Elyvilon
Fedhas
Gozag
Kikubaaqudgha
Makhleb
Nemelex Xobeh
Okawaru
Qazlal
Ru
Vehumet
Wu Jian
Zin
The Shining One

Shops:
D:6 %


Innate Abilities, Weirdness & Mutations

You can breathe waves of freezing cold.
You can buffet flying creatures when you breathe cold.
Your icy white scales are hard. (AC +7)
You cannot fit into any form of body armour.
Your flesh is cold resistant. (rC+)
You are cold-blooded and may be slowed by cold attacks.


Message History

You feel yourself speed up.
You feel sick.
The blink frog blinks!
You feel sick.
The blink frog blinks!
Your surroundings seem slightly different.
The blink frog blinks!
You feel sick.
The blink frog blinks! x2
The sentinel's mark upon you fades away.
You feel sick.
The blink frog blinks!
The blink frog blinks! x2
The blink frog blinks!
You feel sick.
The blink frog blinks!
The blink frog blinks!
You feel sick.
The blink frog blinks!
You block the blink frog's attack.
The blink frog blinks!
You slash the blink frog! You burn the blink frog.
The blink frog is moderately wounded.
The blink frog hits you!
You die...

.................................
...........(.....................
.................................
###.##P##P##P#...................
############..S................
##.ยง.....P###########
#........## ##..F.....#
#..@....## #..F....# # #.......#
# #.......# # #.......# #
#..<....# # #.......# #.......#
#.......#


You could see 2 blink frogs and a water moccasin.

Vanquished Creatures
  Maurice (D:8)
  Joseph (Lair:1)
  2 spiny frogs
  Psyche (D:8)
  A troll (D:7)
  3 yaks (D:8)
  Grum (D:7)
  A hungry ghost (D:7)
  Menkaure (D:7)
  2 porcupines
  2 sky beasts
  A necrophage (D:8)
  3 phantoms
  A centaur (D:6)
  2 ogres
  A crocodile (Lair:1)
  3 wolves (D:7)
  8 bullfrogs
  4 scorpions
  2 howler monkeys (D:4)
  3 crimson imps
  2 hounds
  A jelly (D:8)
  A bullfrog skeleton (D:5)
  2 orc priests
  2 orc wizards (D:8)
  3 iguanas
  7 worker ants
  A hound zombie (D:6)
  A hound skeleton (D:5)
  Robin (D:4)
  A howler monkey zombie (D:8)
  3 adders
  A shadow imp (D:6)
  An adder skeleton (D:4)
  4 worms
  2 dart slugs
  3 leopard geckos
  18 orcs
  11 bats
  5 giant cockroaches
  21 goblins
  5 hobgoblins
  11 jackals
  6 quokkas
  2 ball pythons (D:6)
  7 frilled lizards
  A jackal skeleton (D:4)
  7 kobolds
  A leopard gecko skeleton (D:7)
  5 rats
180 creatures vanquished.

Notes
Turn   | Place    | Note
-------+----------+-------------------------------------------
     0 | D:1      | PikkenKukken the Draconian Fighter began the quest for the Orb.
     0 | D:1      | Reached XP level 1. HP: 19/19 MP: 1/1
   374 | D:1      | Reached XP level 2. HP: 26/26 MP: 2/2
   849 | D:2      | Reached XP level 3. HP: 33/33 MP: 3/3
  1103 | D:2      | Found a faded altar of an unknown god.
  1614 | D:3      | Found a blossoming altar of Fedhas.
  1670 | D:3      | Found a stormy altar of Qazlal.
  1843 | D:3      | Found a glowing golden altar of the Shining One.
  1947 | D:3      | Reached XP level 4. HP: 35/40 MP: 4/4
  2016 | D:3      | Reached skill level 4 in Fighting
  2238 | D:4      | Noticed Robin
  2255 | D:4      | Killed Robin
  2268 | D:4      | Reached XP level 5. HP: 31/46 MP: 5/5
  2376 | D:4      | Noticed a phantom
  2423 | D:4      | Killed a phantom
  2515 | D:4      | Reached XP level 6. HP: 51/53 MP: 6/6
  2554 | D:4      | Found a staircase to the Ecumenical Temple.
  2563 | Temple   | Entered the Ecumenical Temple
  2578 | Temple   | Became a worshipper of Makhleb the Destroyer
  2822 | D:4      | Reached skill level 5 in Fighting
  2822 | D:4      | Reached skill level 1 in Invocations
  3037 | D:5      | Entered Level 5 of the Dungeon
  3165 | D:5      | Your scales start taking on an icy white colour.
  3165 | D:5      | Reached XP level 7. HP: 60/61 MP: 7/7
  3165 | D:5      | Gained mutation: Your flesh is cold resistant. (rC+) [White Draconian growth]
  4293 | D:5      | Reached skill level 5 in Shields
  4550 | D:6      | Reached skill level 1 in Evocations
  4699 | D:6      | Found a sacrificial altar of Ru.
  4833 | D:6      | Found Mael's Food Emporium.
  5236 | D:6      | Reached XP level 8. HP: 69/70 MP: 8/10
  5400 | D:7      | Reached skill level 6 in Fighting
  5400 | D:7      | Reached skill level 5 in Dodging
  5410 | D:7      | Noticed Menkaure
  5640 | D:7      | Killed Menkaure
  5640 | D:7      | Reached skill level 5 in Short Blades
  5683 | D:7      | Reached * piety under Makhleb
  6182 | D:8      | Reached XP level 9. HP: 78/78 MP: 12/12
  6218 | D:8      | Found an ornate altar of the Wu Jian Council.
  6219 | D:8      | Noticed a troll
  6461 | D:7      | Killed a troll
  6602 | D:8      | Noticed Grum
  6989 | D:7      | Killed Grum
  7003 | D:7      | Reached skill level 7 in Fighting
  7074 | D:8      | Noticed Psyche
  7087 | D:8      | Killed Psyche
  7087 | D:8      | Reached skill level 5 in Invocations
  7189 | D:8      | Noticed Maurice
  7390 | D:8      | Killed Maurice
  7753 | D:8      | Found a staircase to the Lair.
  7818 | Lair:1   | Entered Level 1 of the Lair of Beasts
  8066 | D:8      | Reached XP level 10. HP: 52/86 MP: 14/14
  8549 | Lair:1   | Noticed Joseph
  8596 | Lair:1   | Got a polished falchion
  8597 | Lair:1   | Identified the +9 falchion of the Desert {flame, *Rage rF+++ Int-4 Dex+8} (You found it on level 1 of the Lair of Beasts)
  8640 | Lair:1   | Killed Joseph
  8787 | Lair:1   | Noticed a spiny frog
  8823 | D:8      | Killed a spiny frog
  8977 | Lair:1   | Noticed a spiny frog
  8987 | Lair:1   | Killed a spiny frog
  8987 | Lair:1   | Reached skill level 8 in Fighting
  8987 | Lair:1   | Reached skill level 5 in Evocations
  8994 | Lair:1   | HP: 4/88 [poisoned by a spiny frog]
  9000 | Lair:1   | HP: 3/88 [poisoned by a spiny frog]
  9009 | Lair:1   | HP: 3/88 [poisoned by a spiny frog]
  9015 | Lair:1   | HP: 2/88 [poisoned by a spiny frog]
  9020 | Lair:1   | Slain by a blink frog

Vault maps used:
D:1:      nzn_arrival_settlement
D:2:      chequers_ecumenical_altar_island
D:3:      minmay_diamond_boxcup, grunt_temple_overflow_forces_of_nature,
          first_ration, tso_metal_star
D:4:      minmay_temple_entry_poolview, uniq_robin
D:5:      minmay_misc_feat_iff
D:6:      nicolae_ru_great_annihilating_truth, serial_shops, shop,
          kennysheep_dice
D:7:      uniq_menkaure
D:8:      lemuel_round_altar, lair_entry_dummy, uniq_grum, uniq_maurice,
          uniq_psyche
Temple:   eino_narrow_crystal_temple
Lair:1:   grunt_megastairs_2, uniq_joseph

Skill      XL: |  1  2  3  4  5  6  7  8  9 10 |
---------------+-------------------------------+-----
Dodging        | 3 4 5 6 |  6.8
Fighting       | 4 5 6 7 8 |  8.0
Short Blades   | 3 4 5 6 7 |  7.0
Shields        | 4 5 6 7 |  7.4
Invocations    | 1 2 4 5 6 |  6.2
Evocations     | 1 3 4 5 |  5.0

Action                   |  1- 3 |  4- 6 |  7- 9 | 10-12 || total
-------------------------+-------+-------+-------+-------++-------
Melee: Rapier            |   179 |    22 |       |       ||   201
       Tailslap          |    18 |    17 |    60 |    23 ||   118
       Short sword       |       |   126 |   562 |    50 ||   738
       Falchion          |       |       |       |    33 ||    33
 Abil: Breathe Frost     |       |       |     5 |       ||     5
  Use: Scroll            |    13 |     2 |     9 |     2 ||    26
       Potion            |       |       |     4 |     1 ||     5
 Stab: Sleeping          |     1 |     2 |     3 |       ||     6
       Distracted        |       |     1 |       |       ||     1
       Paralysed         |       |       |     1 |       ||     1
  Eat: Chunk             |     9 |    10 |    25 |     3 ||    47
       Ration            |       |       |     2 |       ||     2
Armor: Skin              |    55 |    25 |   146 |    10 ||   236
Dodge: Dodged            |    75 |    37 |   261 |    37 ||   410
Block: Shield            |    81 |    73 |   284 |    53 ||   491
       Rpst.: Falchion   |       |       |       |     9 ||     9

Table legend:
 A = Spawn XP
 B = Non-spawn XP
 C = Spawn XP percentage of total XP
 D = Spawn monster count
 E = Non-spawn monster count
 F = Spawn count percentage of total count
 G = Total turns spent on level
                    A         B        C        D         E        F      G
               +---------+---------+-------+---------+---------+-------+---------
         Total |       0 |    7744 |   0.0 |       0 |     180 |   0.0 |  9020
               +---------+---------+-------+---------+---------+-------+---------
           D:1 |       0 |      32 |   0.0 |       0 |      21 |   0.0 |   720
           D:2 |       0 |      26 |   0.0 |       0 |      13 |   0.0 |   781
           D:3 |       0 |      65 |   0.0 |       0 |      25 |   0.0 |   664
           D:4 |       0 |     553 |   0.0 |       0 |      31 |   0.0 |   841
           D:5 |       0 |     373 |   0.0 |       0 |      15 |   0.0 |  1421
           D:6 |       0 |     600 |   0.0 |       0 |      17 |   0.0 |  1108
           D:7 |       0 |    2124 |   0.0 |       0 |      26 |   0.0 |  1322
           D:8 |       0 |    2773 |   0.0 |       0 |      27 |   0.0 |  1373
        Lair:1 |       0 |    1198 |   0.0 |       0 |       5 |   0.0 |   759
               +---------+---------+-------+---------+---------+-------+---------
